 Dungeon Crawl Stone Soup version 0.26.1-2-gb8aa6d0cf2 (webtiles) character file.

Game seed: 12469740622721781129

117 Groucho the Sneak (level 4, -1/21 HPs)
             Began as a Spriggan Enchanter on Feb 17, 2021.
             Slain by an orc
             ... wielding a +0 flail
              (5 damage)
             ... on level 3 of the Dungeon.
             The game lasted 00:07:00 (4046 turns).

Groucho the Sneak (Spriggan Enchanter)              Turns: 4046, Time: 00:07:01

Health: -1/21      AC:  2    Str:  5    XL:     4   Next: 71%
Magic:  1/9        EV: 18    Int: 22    God:
Gold:   102        SH:  0    Dex: 16    Spells: 3/9 levels left

rFire    . . .     SeeInvis +   a - +1 dagger
rCold    . . .     Faith    .   (shield restricted)
rNeg     . . .     Spirit   .   b - +0 robe
rPois    .         Reflect  .   (helmet restricted)
rElec    .         Harm     .   (no cloak)
rCorr    .         Rampage  .   (gloves unavailable)
Will     .....                  (boots unavailable)
Stlth    ++++......             (no amulet)
HPRegen  0.07/turn              p - +6 ring of intelligence
MPRegen  0.11/turn              (no ring)

@: very quick
A: very small, unfitting armour, see invisible, speed 3
a: no special abilities


You were on level 3 of the Dungeon.
You visited 1 branch of the dungeon, and saw 3 of its levels.

You collected 102 gold pieces.

Inventory:

Hand Weapons
 a - a +1 dagger (weapon)
 r - a +2 dagger of electrocution
Missiles
 h - 2 atropa-tipped darts
 n - 8 curare-tipped darts
 q - 5 boomerangs (quivered)
Armour
 b - a +0 robe (worn)
Jewellery
 p - a +6 ring of intelligence (left hand)
Wands
 s - a wand of acid (9)
Scrolls
 c - 3 scrolls of identify
 e - a scroll of teleportation {unknown}
 f - a scroll of remove curse {unknown}
 g - a scroll of immolation {unknown}
 i - a scroll of blinking {unknown}
 k - 2 scrolls of fog
 l - a scroll of random uselessness {unknown}
 o - a scroll of amnesia {unknown}
Potions
 d - a potion of resistance {unknown}
 j - 4 potions of curing {unknown}
 m - a potion of degeneration {unknown}


   Skills:
 - Level 1.1 Short Blades
 - Level 3.0 Dodging
 * Level 7.8 Stealth
 + Level 3.2 Spellcasting
 + Level 4.0 Hexes


You had 3 spell levels left.
You knew the following spells:

 Your Spells              Type           Power        Failure   Level
a - Corona                Hex            23%          2%          1
b - Ensorcelled Hibernat  Hex/Ice        24%          8%          2
c - Confusing Touch       Hex            21%          7%          3

Your spell library contained the following spells:

 Spells                   Type           Power        Failure   Level
 Tukima's Dance           Hex            21%          7%          3
 Dazzling Flash           Conj/Hex       24%          16%         3


Dungeon Overview and Level Annotations

Branches:
Dungeon (3/15)

Altars:
Ashenzari
Gozag
Hepliaklqana
Ru
Sif Muna
Zin

Annotations:
D:3 Sigmund


Innate Abilities, Weirdness & Mutations

You are very small and have problems with some larger weapons.
You are too small for most types of armour.
You have supernaturally acute eyesight. (SInv)
You cover ground extremely quickly.


Message History

Press: ? - help, Shift-Dir - straight line, f/p - orc
Aim: an orc, wielding a +0 flail (chance to affect: 61%)
The orc resists with significant effort.
The orc misses you.
Casting: Ensorcelled Hibernation (safe; 8% risk of failure)
Confirm with . or Enter, or press ? or * to list all spells.
Aiming: Ensorcelled Hibernation (safe; 8% risk of failure)
Press: ? - help, Shift-Dir - straight line, f/p - orc
Aim: an orc, wielding a +0 flail (chance to affect: 61%)
The orc resists with significant effort.
The orc hits you with a +0 flail.
* * * LOW HITPOINT WARNING * * *
Casting: Ensorcelled Hibernation (safe; 8% risk of failure)
Confirm with . or Enter, or press ? or * to list all spells.
Aiming: Ensorcelled Hibernation (safe; 8% risk of failure)
Press: ? - help, Shift-Dir - straight line, f/p - orc
Aim: an orc, wielding a +0 flail (chance to affect: 61%)
The orc resists with significant effort.
The orc hits you with a +0 flail.
You die...

#.#.####....#......o..
#.#.........#.........
#.#.#...o...#.........
#.###.#.....#########.
#...........#
#####....o..#
#....#### #####.#
#.@o..# ###.....#
#.......# #.......#
#.......# #.......#
#.......# #.......#
#.......#


You could see an orc.

Vanquished Creatures
  5 adders
  3 worms
  2 leopard geckos
  3 orcs (D:3)
  8 giant cockroaches
  7 goblins
  7 hobgoblins
  A ball python (D:1)
  6 bats
  A frilled lizard (D:1)
  7 kobolds
  9 rats
59 creatures vanquished.

Notes
Turn   | Place    | Note
-------+----------+-------------------------------------------
     0 | D:1      | Groucho the Spriggan Enchanter began the quest for the Orb.
     0 | D:1      | Reached XP level 1. HP: 9/9 MP: 5/5
   165 | D:1      | Reached skill level 5 in Stealth
   459 | D:1      | Reached XP level 2. HP: 13/13 MP: 6/6
  1096 | D:1      | Reached skill level 6 in Stealth
  1271 | D:2      | Found an opulent altar of Gozag.
  1839 | D:2      | Reached XP level 3. HP: 16/16 MP: 8/8
  1867 | D:2      | Found a sacrificial altar of Ru.
  2046 | D:3      | Learned a level 2 spell: Ensorcelled Hibernation
  2050 | D:3      | Learned a level 3 spell: Confusing Touch
  2055 | D:2      | Reached skill level 7 in Stealth
  2745 | D:2      | Found a hazy altar of Hepliaklqana.
  2745 | D:2      | Found a shimmering blue altar of Sif Muna.
  2993 | D:3      | Found a broken altar of Ashenzari.
  3027 | D:3      | Reached XP level 4. HP: 16/21 MP: 1/9
  3422 | D:3      | Found a faded altar of an unknown god.
  3428 | D:3      | Noticed Sigmund
  3601 | D:3      | Found a glowing silver altar of Zin.
  4046 | D:3      | Slain by an orc

Illustrated notes

Levels and vault maps discovered:
D:1:      onia_arrival_pyramid, layout_loops_corners
D:2:      layout_basic, grunt_gozag_breadcrumbs, lemuel_crystal_altar,
          chequers_temple_overflow_statue_of_worship
D:3:      layout_basic, lemuel_crystal_altar, lemuel_round_altar,
          chequers_ecumenical_altar_simple, uniq_sigmund

Skill      XL: |  1  2  3  4 |
---------------+-------------+-----
Stealth        | 5 6 7 |  7.8
Spellcasting   | 3 |  3.2
Hexes          | 4 |  4.0
Short Blades   | |  1.1
Dodging        | |  3.0

Action                   |  1- 3 |  4- 6 || total
-------------------------+-------+-------++-------
Melee: Dagger            |   164 |    34 ||   198
Throw: Boomerang         |       |     3 ||     3
 Cast: Ensorcelled Hiber |     9 |    23 ||    32
  Use: Scroll            |       |     2 ||     2
 Stab: Sleeping          |    18 |    15 ||    33
Armor: Robe              |    24 |     2 ||    26
Dodge: Dodged            |   149 |    31 ||   180
